 Dungeon Crawl Stone Soup version 0.28.0 (webtiles) character file.

Game seed: 3344478125919551143

267 Dorkslayer the Ducker (level 6, 0/42 HPs)
             Began as an Octopode Fighter on May 17, 2022.
             Slain by a killer bee zombie (4 damage)
             ... on level 4 of the Dungeon.
             The game lasted 00:05:15 (2598 turns).

Dorkslayer the Ducker (Octopode Fighter)            Turns: 2598, Time: 00:05:16

Health: 0/42       AC:  1    Str: 15    XL:     6   Next: 21%
Magic:  8/8        EV: 13    Int: 11    God:
Gold:   62         SH:  5    Dex: 13    Spells: 8/8 levels left

rFire   . . .      SeeInvis .   e - +3 dagger (freeze)
rCold   . . .      Faith    .   b - +0 buckler
rNeg    . . .      Spirit   .   (helmet restricted)
rPois   .          Reflect  .   (no amulet)
rElec   .          Harm     .   (no ring)
rCorr   .          Rampage  .   (no ring)
Will    .....                   (no ring)
Stlth   +++.......              (no ring)
HPRegen 0.14/turn               (no ring)
MPRegen 0.11/turn               (no ring)
                                (no ring)
                                (no ring)

@: mighty
A: almost no armour, amphibious, 8 rings, camouflage 1, gelatinous body 1,
(nimble swimmer 1), tentacles
a: no special abilities


You were on level 4 of the Dungeon.
You visited 1 branch of the dungeon, and saw 6 of its levels.

You collected 62 gold pieces.

Inventory:

Hand Weapons
 a - a +0 long sword
 e - a +3 dagger of freezing (weapon)
Armour
 b - a +0 buckler (worn)
Jewellery
 k - an amulet of the acrobat
Scrolls
 d - a scroll of acquirement {unknown}
 h - a scroll of identify {unknown}
 j - a scroll of blinking {unknown}
Potions
 i - a potion of heal wounds {unknown}


   Skills:
 + Level 3.3 Fighting
 + Level 2.2(2.6) Short Blades
 + Level 2.0(2.5) Long Blades
 + Level 3.7 Dodging
 + Level 3.4 Stealth
 + Level 3.3 Shields
 * Level 2.2 Unarmed Combat
 * Level 1.7 Spellcasting


You had 8 spell levels left.
You didn't know any spells.
Your spell library contained the following spells:

 Spells                   Type           Power      Damage    Failure   Level
 Gell's Gravitas          Tloc           0%         N/A       75%         3
 Teleport Other           Tloc           0%         N/A       75%         3
 Dispersal                Tloc           0%         N/A       100%        6


Dungeon Overview and Level Annotations

Branches:
Dungeon (6/15)
 Temple: D:4-7

Altars:

Annotations:
D:5 Grinder
D:6 Pikel


Innate Abilities, Weirdness & Mutations

You cannot wear most types of armour.
You are amphibious.
You can wear up to eight rings at the same time.
Your skin changes colour to match your surroundings (Stealth+).
Your rubbery body absorbs attacks. (AC +1, EV +1)
((You are camouflaged when in or above water. (Stealth+)))
You have tentacles for arms and can constrict up to eight enemies at once.


Message History

The killer bee zombie hits you.
An orc comes into view. It is wielding a +0 flail.
You have reached level 6!
You hit the killer bee zombie. Your grab misses the killer bee zombie.
The killer bee zombie is lightly damaged.
The killer bee zombie hits you.
The killer bee zombie closely misses you.
You closely miss the killer bee zombie. You grab the killer bee zombie.
The killer bee zombie is lightly damaged.
You constrict the killer bee zombie.
You block the killer bee zombie's attack.
You release your grip on the killer bee zombie.
You block the killer bee zombie's attack.
The killer bee zombie misses you.
Found 21 bolts.
The killer bee zombie barely misses you.
The killer bee zombie barely misses you.
The killer bee zombie hits you.
You hit the killer bee zombie. Your grab misses the killer bee zombie.
You squeeze the killer bee zombie!
The killer bee zombie is almost destroyed.
The killer bee zombie hits you!
* * * LOW HITPOINT WARNING * * *
You feel very mighty all of a sudden. The killer bee zombie misses you.
The killer bee zombie barely misses you.
You completely miss the killer bee zombie.
Your grab misses the killer bee zombie.
Your squeeze misses the killer bee zombie.
The killer bee zombie is almost destroyed.
The killer bee zombie hits you.
* * * LOW HITPOINT WARNING * * *
Unknown command.
Okay, then.
You puncture the orc! You freeze the orc.
You kill the orc!
You miss the killer bee zombie. You grab the killer bee zombie.
The killer bee zombie is almost destroyed.
You constrict the killer bee zombie. The killer bee zombie hits you.
You die...

#.##########..#######.#
#.............#
############.##
###...######
#...........
#.#...###### ###.##.##
#......##########
#......oZ@....(..
#.......######+##
#.........+ #.........#
#.#.))....# #......o..#
#.#.......'.
##........###
##.......<#


You could see an orc and a killer bee zombie.

Vanquished Creatures
  Menkaure (D:6)
  A water moccasin skeleton (D:4)
  A hound (D:5)
  2 adders
  2 dart slugs
  5 orcs (D:4)
  5 bats
  4 endoplasms
  2 giant cockroaches
  4 hobgoblins
  6 jackals (D:1)
  6 ball pythons
  2 frilled lizards (D:1)
  5 goblins
  7 kobolds
  A rat (D:2)
54 creatures vanquished.

Vanquished Creatures (others)
  A plant (D:1)
1 creature vanquished.

Grand Total: 55 creatures vanquished

Notes
Turn   | Place    | Note
-------+----------+-------------------------------------------
     0 | D:1      | Dorkslayer the Octopode Fighter began the quest for the
                  | Orb.
     0 | D:1      | Reached XP level 1. HP: 16/16 MP: 1/1
   257 | D:1      | Reached XP level 2. HP: 21/21 MP: 2/2
   502 | D:1      | Reached XP level 3. HP: 18/26 MP: 3/3
   819 | D:1      | Reached skill level 1 in Unarmed Combat
   955 | D:1      | Reached skill level 1 in Stealth
  1488 | D:2      | Found a faded altar of an unknown god.
  1909 | D:2      | Reached XP level 4. HP: 31/31 MP: 5/5
  2153 | D:3      | You fall into a shaft and drop 3 floors!
  2153 | D:6      | Noticed Menkaure
  2162 | D:6      | Killed Menkaure
  2163 | D:6      | Reached skill level 1 in Short Blades
  2163 | D:6      | Reached skill level 1 in Spellcasting
  2163 | D:6      | Reached XP level 5. HP: 16/36 MP: 5/7
  2337 | D:6      | Noticed Pikel
  2337 | D:6      | Noticed a lemure
  2338 | D:6      | Noticed a lemure
  2338 | D:6      | Noticed a lemure
  2338 | D:6      | Noticed a lemure
  2351 | D:5      | Entered Level 5 of the Dungeon
  2384 | D:5      | Noticed Grinder
  2390 | D:5      | Noticed an ogre
  2587 | D:4      | Reached XP level 6. HP: 27/42 MP: 8/8
  2598 | D:4      | Slain by a killer bee zombie

Illustrated notes

Levels and vault maps discovered:
D:1:      tarquinn_simple_flora_water_f, layout_loops_corners, serial_forest,
          infiniplex_forest_side_room, infiniplex_forest_join,
          infiniplex_forest_pool, infiniplex_forest_side_room,
          infiniplex_forest_end_double, infiniplex_forest_lined_2,
          infiniplex_forest_clump_small, infiniplex_forest_lined_room_2,
          infiniplex_forest_clump_tiny
D:2:      layout_basic, ebering_ecumenical_altar_rust
D:3:      layout_basic
D:4:      layout_loops_ring, mainiacjoe_overflow_six_doors_small,
          jmf_multi_god_temple, uniq_natasha
D:5:      layout_gridville, eat_drink_and_be_merry_uskayaw,
          vehumet_altar_wand_db, minmay_crossroads, uniq_grinder
D:6:      layout_cave_pods, mainiacjoe_overflow_surrounded_room,
          nicolae_ru_great_annihilating_truth, minmay_temple_entry_butterflies,
          uniq_menkaure, uniq_pikel, uniq_eustachio

Skill      XL: |  1  2  3  4  5 |
---------------+----------------+-----
Unarmed Combat | 1 2 |  2.2
Stealth        | 1 2 3 |  3.4
Short Blades   | 1 2 |  2.2
Spellcasting   | 1 |  1.7
Fighting       | |  3.3
Long Blades    | |  2.0
Dodging        | |  3.7
Shields        | |  3.3

Action                   |  1- 3 |  4- 6 || total
-------------------------+-------+-------++-------
Melee: Long sword        |    10 |       ||    10
       Constrict         |    15 |     7 ||    22
       Dagger            |    62 |    34 ||    96
       Tentacles         |    10 |     8 ||    18
       Punch             |       |     1 ||     1
  Use: Potion            |       |     3 ||     3
       Scroll            |       |     2 ||     2
 Stab: Sleeping          |     6 |     4 ||    10
Armor: Skin              |     5 |     2 ||     7
Dodge: Dodged            |    35 |    32 ||    67
Block: Buckler           |    10 |     9 ||    19
